 Dungeon Crawl Stone Soup version 0.25-a0-464-g3004169c2b (webtiles) character file.

Game seed: 12293899405536768672, levelgen mode: deterministic

21858 Kohma the Severer (level 12, -7/112 HPs)
             Began as a Minotaur Berserker on Feb 4, 2020.
             Was a High Priest of Trog.
             Engulfed by a cloud of freezing vapour (17 damage)
             ... in an ice cave.
             The game lasted 00:36:59 (15746 turns).

Kohma the Severer (Minotaur Berserker)             Turns: 15746, Time: 00:36:59

Health: -7/112     AC: 24    Str: 33    XL:     12   Next: 57%
Magic:  11/11      EV:  9    Int:  7    God:    Trog [*****.]
Gold:   720        SH:  0    Dex: 10    Spells: 11/11 levels left

rFire    + . .     SeeInvis .   A - +7 battleaxe (flame)
rCold    . . .     Gourm    .   (shield currently unavailable)
rNeg     + . .     Faith    .   l - +6 plate armour "Fobulouw" {rPois rF+ Regen+ Int+3}
rPois    +         Spirit   .   (helmet restricted)
rElec    .         Reflect  .   s - +0 cloak {rPois}
rCorr    .         Harm     .   (no gloves)
MR       .....                  w - +0 pair of boots {Stlth+}
Stlth    ..........             (no amulet)
HPRegen  0.68/turn              f - +6 ring of strength
MPRegen  0.12/turn              b - ring of positive energy

@: studying Armour
A: retaliatory headbutt, horns 2
a: Berserk, Trog's Hand, Brothers in Arms, Renounce Religion


You were in an ice cave.
You worshipped Trog.
Trog was extremely pleased with you.
You were not hungry.

You visited 4 branches of the dungeon, and saw 14 of its levels.
You also visited: Ice Cave.

You collected 832 gold pieces.
You spent 112 gold pieces at shops.

Inventory:

Hand Weapons
 r - a +2 war axe of flaming
 A - a +7 battleaxe of flaming (weapon)
 C - a +1 antimagic battleaxe
 H - a +7 dagger of electrocution
 I - a +0 executioner's axe
Missiles
 e - 55 poisoned darts
 B - 3 throwing nets (quivered)
Armour
 l - the +6 plate armour "Fobulouw" (worn) {rPois rF+ Regen+ Int+3}
   (You took it off an orc on level 10 of the Dungeon)

   It affects your intelligence (+3).
   It protects you from fire.
   It protects you from poison.
   It increases your rate of regeneration.
   If you remove this armour, your AC will fall 21 points (24 -> 3)
 s - a +0 cloak of poison resistance (worn)
 t - the +1 plate armour of Leaves {rN+ rCorr Int+4}
   (You found it on level 9 of the Dungeon)

   It affects your intelligence (+4).
   It protects you from negative energy.
   It provides partial protection from all sources of acid and corrosion.
   If you switch to wearing this armour, your AC will fall 5 points (24 -> 19)
 u - a +1 shield
 w - a +0 pair of boots of stealth (worn)
 K - a +2 buckler of cold resistance
Jewellery
 b - a ring of positive energy (right hand)
 f - a +6 ring of strength (left hand)
 E - an uncursed ring of poison resistance
Wands
 a - a wand of polymorph (7)
 i - a wand of random effects (52)
 D - a wand of enslavement (11)
Scrolls
 g - 2 scrolls of enchant armour
 h - 4 scrolls of blinking
 k - 3 scrolls of immolation
 v - a scroll of remove curse
 y - 2 scrolls of fog
 G - 3 scrolls of teleportation
Potions
 d - a potion of magic
 j - a potion of agility
 m - 4 potions of curing
 o - 5 potions of flight
 p - 7 potions of haste
 q - 2 potions of mutation
 z - a potion of cancellation
 F - a potion of invisibility
 J - a potion of brilliance
Books
 n - a manual of Armour
Miscellaneous
 x - a sack of spiders
Comestibles
 c - 22 rations


   Skills:
 + Level 11.8 Fighting
 * Level 16.1 Axes
 + Level 11.6 Armour
 - Level 2.1 Dodging
 - Level 11.5 Shields


You had 11 spell levels left.
You didn't know any spells.
Your spell library was empty.

Dungeon Overview and Level Annotations

Branches:
Dungeon (11/15)            Temple (1/1) D:7            Lair (1/6) D:10
    Orc (1/2) D:9           IceCv (1/1)

Altars:
Ashenzari
Cheibriados
Dithmenos
Elyvilon
Fedhas
Gozag
Hepliaklqana
Kikubaaqudgha
Makhleb
Nemelex Xobeh
Okawaru
Qazlal
Ru
Sif Muna
Trog
Uskayaw
Vehumet
Wu Jian
Xom
Yredelemnul
Zin
The Shining One

Shops:
D:5 !   D:6 *


Innate Abilities, Weirdness & Mutations

You reflexively headbutt those who attack you in melee.
You have a pair of horns on your head.


Message History

The ice devil is almost dead.
You are engulfed in freezing vapours.
The ice devil hits you but does no damage.
You are engulfed in freezing vapours.
The ice devil completely misses you.
You slice the ice devil!! You burn the ice devil.
You kill the ice devil!
Trog accepts your kill.
You are engulfed in freezing vapours.
Okay, then.
You are engulfed in freezing vapours.
You are engulfed in freezing vapours.
You are engulfed in freezing vapours.
* * * LOW HITPOINT WARNING * * *
You are engulfed in freezing vapours.
* * * LOW HITPOINT WARNING * * *
You feel better.
You feel better.
You are engulfed in freezing vapours.
* * * LOW HITPOINT WARNING * * *
You are engulfed in freezing vapours.
You die...

.....# ...... # #......
#§ ##§○§§... §§§
#.§§§...# #○§####§○☼§..#
.##☼§☼§○☼..○# #
...°.§○§@○# ###
##.§°§○§§## ..###
######°.☼### ....####
###.°.##
.......###########○°.##
..#.........##...##...##
.###.#............###..#
## ######..##.....##...#
# #...##....####..##


There were no monsters in sight!

Vanquished Creatures
  Josephine (D:10)
  A two-headed ogre (D:9)
  An orc sorcerer (D:7)
  A cyclops (D:11)
  A black mamba (Lair:1)
  2 ice statues (IceCv)
  A spiny frog (Lair:1)
  2 rime drakes (Lair:1)
  A komodo dragon (D:11)
  Maggie (D:7)
  A hornet (D:9)
  5 trolls
  7 ice devils (IceCv)
  3 hippogriffs
  Sigmund (D:3)
  23 yaks
  5 wraiths (D:10)
  3 hungry ghosts
  A warg (Orc:1)
  Edmund (D:6)
  19 water moccasins
  An acid dragon (D:11)
  2 porcupines (Lair:1)
  8 orc warriors
  4 ice beasts
  2 phantoms
  A necrophage (D:10)
  4 ogres
  A centaur (D:7)
  4 crocodiles (Lair:1)
  A big kobold (D:5)
  Blork the orc (D:5)
  5 bullfrogs
  A wyvern skeleton (D:6)
  A water moccasin zombie (D:9)
  A scorpion (D:7)
  19 killer bees
  8 wights
  4 howler monkeys
  4 centaur zombies
  8 crimson imps
  Crazy Yiuf (D:3)
  5 jellies
  3 orc priests
  3 centaur skeletons
  6 hounds
  An iron imp (D:8)
  2 bullfrog skeletons (D:10)
  An iguana (D:9)
  14 orc wizards
  7 worker ants
  A killer bee zombie (D:10)
  A hound skeleton (D:10)
  Robin (D:3)
  3 gnolls (D:5)
  37 adders
  3 shadow imps
  9 white imps (IceCv)
  6 ufetubi (IceCv)
  6 oozes
  2 worms (D:2)
  2 adder skeletons
  An adder zombie (D:8)
  A dart slug (D:1)
  11 leopard geckos
  51 orcs
  6 bats
  17 giant cockroaches
  11 goblins
  7 hobgoblins
  10 jackals
  4 quokkas
  A ball python (D:3)
  A ball python skeleton (D:4)
  4 frilled lizards
  3 goblin skeletons (D:8)
  A goblin zombie (D:8)
  A hobgoblin zombie (D:8)
  10 kobolds
  A kobold skeleton (D:8)
  A kobold zombie (D:8)
  2 leopard gecko skeletons
  An orc skeleton (D:8)
  An orc zombie (D:8)
  A quokka skeleton (D:7)
  9 rats
431 creatures vanquished.

Vanquished Creatures (others)
  A white imp (IceCv)
  4 ufetubi (IceCv)
  A plant (D:5)
6 creatures vanquished.

Grand Total: 437 creatures vanquished

Notes
Turn   | Place    | Note
-------+----------+-------------------------------------------
     0 | D:1      | Kohma the Minotaur Berserker began the quest for the Orb.
     0 | D:1      | Reached XP level 1. HP: 19/19 MP: 0/0
   147 | D:1      | Reached skill level 4 in Axes
   303 | D:1      | Reached XP level 2. HP: 16/26 MP: 1/1
  1157 | D:2      | Found an opulent altar of Gozag.
  1209 | D:2      | Reached skill level 5 in Axes
  1209 | D:2      | Reached XP level 3. HP: 31/31 MP: 2/2
  1648 | D:2      | Reached skill level 6 in Axes
  1648 | D:2      | Reached XP level 4. HP: 30/39 MP: 3/3
  1652 | D:2      | Reached ** piety under Trog
  2832 | D:3      | Found a runed translucent door.
  2833 | D:3      | Noticed Crazy Yiuf
  2841 | D:3      | Killed Crazy Yiuf
  2841 | D:3      | Reached skill level 7 in Axes
  2841 | D:3      | Reached XP level 5. HP: 20/45 MP: 4/4
  3723 | D:3      | Noticed Sigmund
  3734 | D:3      | Killed Sigmund
  3734 | D:3      | Reached skill level 8 in Axes
  3734 | D:3      | Reached XP level 6. HP: 28/51 MP: 5/5
  3745 | D:3      | Reached *** piety under Trog
  3751 | D:3      | Noticed Robin
  3754 | D:3      | Killed Robin
  4148 | D:3      | Reached skill level 9 in Axes
  4828 | D:4      | Reached skill level 1 in Shields
  5091 | D:4      | Found a sacrificial altar of Ru.
  5104 | D:4      | Found an ancient bone altar of Kikubaaqudgha.
  5107 | D:4      | Found a blossoming altar of Fedhas.
  5131 | D:4      | Found an iron altar of Okawaru.
  5391 | D:5      | Entered Level 5 of the Dungeon
  5410 | D:5      | Reached XP level 7. HP: 45/57 MP: 6/6
  5527 | D:5      | Reached skill level 10 in Axes
  5911 | D:5      | Found Miffienn's Distillery.
  5914 | D:5      | Bought a potion of heal wounds for 70 gold pieces
  5914 | D:5      | Bought a potion of curing for 42 gold pieces
  6025 | D:5      | Reached **** piety under Trog
  6230 | D:5      | Noticed Blork the orc
  6238 | D:5      | Killed Blork the orc
  6417 | D:5      | Reached XP level 8. HP: 64/64 MP: 7/7
  6513 | D:5      | Reached skill level 5 in Shields
  7122 | D:6      | Noticed Edmund
  7875 | D:6      | Found Vyn Feack's Serpentskin Sales.
  7879 | D:6      | Reached skill level 5 in Armour
  8039 | D:6      | Killed Edmund
  8039 | D:6      | Reached skill level 5 in Fighting
  8349 | D:7      | Noticed an orc sorcerer
  8363 | D:7      | Killed an orc sorcerer
  8363 | D:7      | Reached XP level 9. HP: 39/75 MP: 8/8
  8656 | D:7      | Found a staircase to the Ecumenical Temple.
  9137 | Temple   | Entered the Ecumenical Temple
  9483 | D:7      | Noticed Maggie
  9492 | D:7      | Killed Maggie
 10196 | D:7      | Reached skill level 10 in Shields
 10331 | D:8      | Found a glowing golden altar of the Shining One.
 10333 | D:8      | Reached ***** piety under Trog
 10333 | D:8      | Received a gift from Trog
 10583 | D:8      | Reached XP level 10. HP: 79/86 MP: 9/9
 11149 | D:9      | Reached skill level 11 in Axes
 11163 | D:9      | Noticed a two-headed ogre
 11190 | D:9      | Killed a two-headed ogre
 11585 | D:9      | Received a gift from Trog
 11666 | D:9      | Got a fine plate armour
 11680 | D:9      | Identified the cursed +1 plate armour of Leaves {rN+ rCorr
                  | Int+4} (You found it on level 9 of the Dungeon)
 11869 | D:9      | Reached skill level 12 in Axes
 12316 | D:9      | Found a staircase to the Orcish Mines.
 12400 | Orc:1    | Entered Level 1 of the Orcish Mines
 12407 | Orc:1    | Noticed an orc high priest
 12420 | D:9      | Reached XP level 11. HP: 36/97 MP: 10/10
 12697 | D:10     | Entered Level 10 of the Dungeon
 12732 | D:10     | Reached skill level 13 in Axes
 12757 | D:10     | Received a gift from Trog
 13036 | D:10     | Reached skill level 10 in Fighting
 13209 | D:10     | Noticed Josephine
 13218 | D:10     | Killed Josephine
 13218 | D:10     | Reached skill level 14 in Axes
 13575 | D:10     | Identified a scroll of acquirement
 13646 | D:10     | Identified the +6 plate armour "Fobulouw" {rPois rF+ Regen+
                  | Int+3}
 13838 | D:10     | Found a staircase to the Lair.
 14100 | D:11     | Received a gift from Trog
 14485 | D:11     | Reached XP level 12. HP: 73/108 MP: 11/11
 14612 | D:11     | Reached skill level 15 in Axes
 14907 | Lair:1   | Entered Level 1 of the Lair of Beasts
 14918 | Lair:1   | Reached skill level 10 in Armour
 15269 | Lair:1   | Found a frozen archway.
 15290 | IceCv    | Entered an ice cave
 15317 | IceCv    | Received a gift from Trog
 15661 | IceCv    | Reached skill level 16 in Axes
 15742 | IceCv    | HP: 4/112 [something (22)]
 15746 | IceCv    | Engulfed by a cloud of freezing vapour

Levels and vault maps discovered:
D:1:      mainiacjoe_arrival_reflecting_pool, layout_basic, minmay_misc_feat_iff
D:2:      layout_basic, nicolae_gozag_seed_capital, first_ration
D:3:      minmay_roachtagon, layout_basic, dk_noncrumbling_4, uniq_sigmund,
          uniq_crazy_yiuf_cottage, uniq_robin
D:4:      layout_rooms, lemuel_doored_altar,
          grunt_temple_overflow_growth_and_decay, lemuel_altar_in_water
D:5:      layout_basic, serial_shops, shop, lexackson_kobold_supper,
          uniq_blork_the_orc
D:6:      layout_basic, guppyfry_shop_venom, uniq_edmund
D:7:      cheibrodos_wizards_tower, layout_basic,
          minmay_temple_entry_glassed_door, grunt_ogre_cave, eino_jars,
          uniq_maggie
D:8:      layout_rooms, nicolae_tso_besieged_by_evil
D:9:      layout_roguey, david_orc_4, minmay_misc_feat_room
D:10:     layout_basic, lair_entry_dummy, uniq_josephine
D:11:     lemuel_reptile_caves, layout_irregular_city
Temple:   eino_narrow_crystal_temple
Lair:1:   layout_long_grid, portal_ice_cave_rime,
          chequers_serial_rivers_micro_d, beast_lair_carwin_4
Orc:1:    layout_caves
IceCv:    ice_cave_small_demon

Skill      XL: |  1  2  3  4  5  6  7  8  9 10 11 12 |
---------------+-------------------------------------+-----
Axes           | 4 5 6 7 8 9 10 12 14 16 | 16.1
Shields        | 1 4 8 10 11 | 11.5
Armour         | 3 5 6 9 11 | 11.6
Fighting       | 5 7 9 10 11 | 11.8
Dodging        | |  2.1

Action                   |  1- 3 |  4- 6 |  7- 9 | 10-12 || total
-------------------------+-------+-------+-------+-------++-------
Melee: Hand axe          |    69 |   174 |       |       ||   243
       Headbutt          |     6 |    31 |    57 |   100 ||   194
       Dagger            |       |    26 |   290 |       ||   316
       War axe           |       |       |    47 |   114 ||   161
       Battleaxe         |       |       |       |   352 ||   352
Throw: Dart              |       |     1 |     2 |       ||     3
       Throwing net      |       |       |     5 |     3 ||     8
  Use: Scroll            |       |     8 |     3 |    13 ||    24
       Potion            |       |     1 |     1 |     3 ||     5
 Stab: Sleeping          |       |     1 |     1 |       ||     2
       Held in net/web   |       |       |     1 |       ||     1
  Eat: Chunk             |     2 |    11 |    17 |    21 ||    51
       Ration            |       |       |     1 |       ||     1
Armor: Animal skin       |    10 |     2 |       |       ||    12
       Robe              |       |    28 |    15 |       ||    43
       Chain mail        |       |       |    69 |    45 ||   114
       Plate armour      |       |       |       |   213 ||   213
Dodge: Dodged            |    47 |   100 |    90 |   148 ||   385
Block: Shield            |       |    18 |   200 |    86 ||   304

Table legend:
 A = Non-vault XP
 B = Vault XP
 C = Vault XP percentage of total XP
 D = Non-vault monster count
 E = Vault monster count
 F = Vault count percentage of total count
                 A         B        C        D         E       F
            +---------+---------+-------+---------+---------+-------
      Total |   18353 |   12873 |  41.2 |     288 |     143 |  33.2
            +---------+---------+-------+---------+---------+-------
        D:1 |      29 |       0 |   0.0 |      14 |       0 |   0.0
        D:2 |     120 |       0 |   0.0 |      27 |       0 |   0.0
        D:3 |     112 |     320 |  74.1 |      24 |      22 |  47.8
        D:4 |      97 |       0 |   0.0 |      15 |       0 |   0.0
        D:5 |     719 |     212 |  22.8 |      28 |      10 |  26.3
        D:6 |     583 |     203 |  25.8 |      14 |       4 |  22.2
        D:7 |    1140 |    1504 |  56.9 |      29 |      11 |  27.5
        D:8 |     598 |      48 |   7.4 |      13 |      10 |  43.5
        D:9 |    4482 |     694 |  13.4 |      39 |      16 |  29.1
       D:10 |    5826 |    2087 |  26.4 |      61 |       6 |   9.0
       D:11 |    1374 |    2882 |  67.7 |       7 |      33 |  82.5
     Lair:1 |    3100 |    1509 |  32.7 |      15 |       7 |  31.8
      Orc:1 |     173 |       0 |   0.0 |       2 |       0 |   0.0
      IceCv |       0 |    3414 | 100.0 |       0 |      24 | 100.0
            +---------+---------+-------+---------+---------+-------
